 Dungeon Crawl Stone Soup version 0.31-a0-145-g046c7d2549 (webtiles) character file.

Game seed: 6515364242940738428

112 qw the Shooter (level 4, -1/38 HPs)
             Began as a Minotaur Hunter on June 7, 2023.
             Slain by an orc
             ... wielding a +0 club
              (5 damage)
             ... on level 3 of the Dungeon.
             The game lasted 00:00:33 (1269 turns).

qw the Shooter (Minotaur Hunter)                    Turns: 1269, Time: 00:00:34

Health: -1/38      AC:  5    Str: 16    XL:     4   Next: 63%
Magic:  3/3        EV: 11    Int:  6    God:
Gold:   80         SH:  0    Dex: 15    Spells: 3/3 levels left

rFire   . . .        Y - +0 shortbow (heavy)
rCold   . . .        (shield currently unavailable)
rNeg    . . .        b - +0 ring mail
rPois   .            (helmet restricted)
rElec   .            (no cloak)
rCorr   .            (no gloves)
SInv    .            (no boots)
Will    .....        (no amulet)
Stlth   +            (no ring)
HPRegen 0.26/turn    (no ring)
MPRegen 0.08/turn

%: no passive effects
@: no status effects
A: horns 2, retaliatory headbutt
a: no special abilities


You were on level 3 of the Dungeon.
You visited 1 branch of the dungeon, and saw 3 of its levels.

You collected 80 gold pieces.


Innate Abilities, Weirdness & Mutations

You have a pair of horns on your head.
You reflexively headbutt those who attack you in melee.


   Skills:
 + Level 3.1 Fighting
 - Level 6.2 Ranged Weapons
 - Level 1.1 Armour
 - Level 2.1 Dodging
 - Level 0.7 Stealth


You had 3 spell levels left.
You didn't know any spells.
Your spell library was empty.

Inventory:

Hand Weapons
 Y - a +0 heavy shortbow (weapon)
Armour
 b - a +0 ring mail (worn)
Scrolls
 a - a scroll of enchant armour
 g - 4 scrolls of identify
Potions
 c - a potion of enlightenment {unknown}
 d - a potion of heal wounds {unknown}
 j - a potion of haste
 k - a potion of might
 n - a potion of lignification {unknown}

Dungeon Overview and Level Annotations

Branches:
Dungeon (3/15)

Altars:


Message History

The orc is heavily wounded.
You shoot an arrow. The arrow hits the orc!
You kill the orc!
The orc wizard misses you. The orc hits you but does no damage.
The orc wizard closely misses you. The orc hits you but does no damage.
You shoot an arrow. The arrow hits the orc wizard.
The orc wizard is moderately wounded.
The orc wizard casts a spell at you. The magic dart hits you!
The orc hits you but does no damage.
The orc wizard hits you with a +0 dagger.
The orc hits you but does no damage.
You shoot an arrow.
The arrow closely misses the orc wizard.
The orc wizard hits you but does no damage.
The orc hits you but does no damage.
The orc wizard hits you but does no damage.
You shoot an arrow. The arrow hits the orc wizard.
The orc wizard is heavily wounded.
The orc hits you with a +0 whip.
The orc wizard hits you but does no damage.
The orc hits you with a +0 club.
You shoot an arrow.
The arrow hits the orc wizard but does no damage.
The orc wizard is heavily wounded.
The orc misses you. You furiously retaliate!
You headbutt the orc!
You kill the orc!
The orc wizard closely misses you. The orc hits you but does no damage.
The orc wizard barely misses you. The orc hits you with a +0 club.
You shoot an arrow.
The arrow completely misses the orc wizard.
The orc wizard points at you and mumbles some strange words.
You resist with some effort. The orc barely misses you.
The orc wizard closely misses you. You furiously retaliate!
You headbutt the orc wizard. The orc hits you with a +0 club.
You shoot an arrow.
The arrow closely misses the orc wizard.
The orc wizard gestures at you while chanting.
The puff of flame hits you. The orc hits you with a +0 club.
The orc wizard barely misses you. The orc hits you with a +0 club.
You die... oo

#? #.# ##
#.# .. ###.
###.#
#...#....###
#)##........
#.##@o...#
#.>)o..###
##..#.#.#
#...#.#.#
##.#.#...#
........##
.........#
#......).#
.#......#


You could see an orc wizard and an orc.

Vanquished Creatures
  Jessica (D:3)
  An orc wizard (D:3)
  An adder (D:3)
  3 dart slugs
  2 orcs (D:3)
  3 endoplasms
  2 giant cockroaches
  6 goblins
  3 hobgoblins
  2 jackals (D:1)
  5 kobolds
  3 ball pythons
  4 bats
  3 frilled lizards
  7 rats
46 creatures vanquished.

Notes
Turn   | Place    | Note
-------+----------+-------------------------------------------
     0 | D:1      | qw the Minotaur Hunter began the quest for the Orb.
     0 | D:1      | Reached XP level 1. HP: 18/18 MP: 0/0
     0 | D:1      | 0 ||| qw: Version: 0.2-a-117-gc6b5c8b
     0 | D:1      | 0 ||| qw: Game counter: 2452
     0 | D:1      | 0 ||| qw: Always use a shield: true
     0 | D:1      | 0 ||| qw: God list: Okawaru
     0 | D:1      | 0 ||| qw: Allow faded altars: false
     0 | D:1      | 0 ||| qw: Do Orc after D:15 true
     0 | D:1      | 0 ||| qw: Do second Lair branch before Depths: true
     0 | D:1      | 0 ||| qw: Lair rune preference: random
     0 | D:1      | 0 ||| qw: Plans: Normal
     0 | D:1      | 0 ||| PLANNING D:1-11
    60 | D:1      | Reached XP level 2. HP: 24/25 MP: 1/1
    69 | D:1      | Reached skill level 5 in Ranged Weapons
   383 | D:1      | Reached skill level 3 in Fighting
   578 | D:1      | 578 ||| DROPPING ring of flight.
   579 | D:1      | 579 ||| READING scroll labelled ROCOSIUMUK.
   580 | D:1      | 580 ||| READING scroll labelled XOFYECK VECSI.
   581 | D:1      | 581 ||| READING 4 scrolls labelled PINYB MEFA.
   582 | D:1      | 582 ||| READING 2 scrolls labelled COVVIS RUIDIDGH.
   583 | D:1      | 583 ||| READING scroll labelled IFRUFIZYTE.
   588 | D:1      | 588 ||| READING scroll labelled DOC ZOREGRYS.
   589 | D:1      | 589 ||| READING 3 scrolls of identify.
   589 | D:1      | 589 ||| IDENTIFYING silvery potion
   590 | D:1      | 590 ||| READING 2 scrolls of identify.
   590 | D:1      | 590 ||| IDENTIFYING cyan potion
   591 | D:1      | 591 ||| DROPPING scroll of butterflies.
   592 | D:1      | 592 ||| DROPPING scroll of noise.
   593 | D:1      | 593 ||| DROPPING potion of berserk rage.
   636 | D:2      | Reached XP level 3. HP: 31/31 MP: 2/2
  1147 | D:2      | 1147 ||| UPGRADING to +0 ring mail.
  1157 | D:2      | 1157 ||| DROPPING +0 leather armour.
  1158 | D:2      | 1158 ||| READING scroll labelled MOUBUOB GIWN.
  1159 | D:2      | 1159 ||| READING 2 scrolls of identify.
  1159 | D:2      | 1159 ||| IDENTIFYING sedimented inky potion
  1214 | D:3      | Noticed Jessica
  1218 | D:3      | Reached skill level 1 in Armour
  1219 | D:3      | Killed Jessica
  1220 | D:3      | Reached XP level 4. HP: 38/38 MP: 3/3
  1255 | D:3      | 1255 ||| Stepping ~*~*~tactically~*~*~ (outnumbered).
  1262 | D:3      | Reached skill level 6 in Ranged Weapons
  1269 | D:3      | HP: 7/38 [orc wizard/puff of flame (4)]
  1269 | D:3      | Slain by an orc

Levels and vault maps discovered:
D:1:      spicycebolla_green_bress_n_ham_2, layout_rooms, serial_forest,
          infiniplex_forest_lined_room_, infiniplex_forest_straight_3,
          infiniplex_forest_clump_medium, infiniplex_forest_lined_1,
          infiniplex_forest_lined_4_way, infiniplex_forest_clump_small,
          chequers_serial_rivers_small_3, hex_medium, supply_closet_lemuel,
          minmay_quantized
D:2:      layout_loops_ring, serial_glass, glass_columns_a, glass_columns_a,
          kennysheep_generic_room_15
D:3:      cheibrodos_helix_gallery, layout_basic,
          nicolae_qazlal_general_emergency, minivault_11, uniq_jessica

Skill      XL: |  1  2  3  4 |
---------------+-------------+-----
Ranged Weapons | 5 6 |  6.2
Fighting       | 3 |  3.1
Armour         | 1 |  1.1
Dodging        | |  2.1
Stealth        | |  0.7

Action                     |  1- 3 |  4- 6 || total
---------------------------+-------+-------++-------
   Fire: Shortbow          |    93 |    19 ||   112
    Use: Scroll            |    10 |       ||    10
 Armour: Leather armour    |     3 |       ||     3
         Ring mail         |       |    10 ||    10
  Dodge: Dodged            |    26 |    13 ||    39

Table legend:
 A = Non-vault XP
 B = Vault XP
 C = Vault XP percentage of total XP
 D = Non-vault monster count
 E = Vault monster count
 F = Vault count percentage of total count
                 A         B        C        D         E       F
            +---------+---------+-------+---------+---------+-------
      Total |     114 |      46 |  28.8 |      40 |       6 |  13.0
            +---------+---------+-------+---------+---------+-------
        D:1 |      30 |       7 |  18.9 |      18 |       4 |  18.2
        D:2 |      24 |       2 |   7.7 |      14 |       1 |   6.7
        D:3 |      60 |      37 |  38.1 |       8 |       1 |  11.1
            +---------+---------+-------+---------+---------+-------
